 Dungeon Crawl Stone Soup version 0.23.2-1-ga50397a6bc (webtiles) character file.

Game seed: 4250069545766183898

6281 Peloso the Carver (level 10, -6/89 HPs)
             Began as a Minotaur Fighter on Apr 14, 2019.
             Was an Elder of Okawaru.
             Splashed by a brown ugly thing's acid (8 damage)
             ... on level 10 of the Dungeon.
             The game lasted 00:16:01 (6536 turns).

Peloso the Carver (Minotaur Fighter)                Turns: 6536, Time: 00:16:02

Health: -6/89      AC:  5    Str: 22    XL:     10   Next: 63%
Magic:  18/18      EV:  9    Int:  5    God:    Okawaru [****..]
Gold:   130        SH: 12    Dex: 12    Spells: 9/9 levels left

rFire    . . .     SeeInvis .   a - +3 scimitar (holy)
rCold    . . .     Gourm    .   c - +0 shield
rNeg     . . .     Faith    .   i - +0 chain mail
rPois    +         Spirit   .   (helmet restricted)
rElec    .         Reflect  .   r - +1 cloak {rPois}
rCorr    .         Harm     .   (no gloves)
MR       .....                  (no boots)
Stlth    ..........             (no amulet)
HPRegen  0.24/turn              P - ring of magical power
MPRegen  0.16/turn              x - ring of wizardry

@: corroded
A: retaliatory headbutt, horns 2
a: Heroism, Renounce Religion


You were on level 10 of the Dungeon.
You worshipped Okawaru.
Okawaru was greatly pleased with you.
You were hungry.

You visited 2 branches of the dungeon, and saw 11 of its levels.
You also visited: Sewer.

You collected 460 gold pieces.
You spent 330 gold pieces at shops.

Inventory:

Hand Weapons
 a - a +3 scimitar of holy wrath (weapon)
 J - the +2 hunting sling "Veysil" {velocity, rElec rPois rC+}
   (You found it on level 7 of the Dungeon)

   Any stone fired from it inflicts extra damage.
   It protects you from cold.
   It insulates you from electricity.
   It protects you from poison.
Armour
 b - a +0 scale mail
 c - a +0 shield (worn)
 i - a +0 chain mail (worn)
 r - a +1 cloak of poison resistance (worn)
Jewellery
 n - an uncursed ring of stealth
 x - a ring of wizardry (right hand)
 O - an uncursed ring of fire
 P - a ring of magical power (left hand)
Wands
 z - a wand of digging (9)
 A - a wand of random effects (11)
 C - a wand of flame (19)
 D - a wand of paralysis (2)
 F - a wand of iceblast (4)
 H - a wand of clouds (12)
 L - a wand of enslavement (7)
Scrolls
 e - 3 scrolls of magic mapping
 l - a scroll of fog {unknown}
 o - 2 scrolls of teleportation
 q - 3 scrolls of enchant armour
 s - a scroll of blinking {unknown}
 t - 2 scrolls of identify
 w - 3 scrolls of enchant weapon
 y - 3 scrolls of noise
 G - 2 scrolls of remove curse
 I - a scroll of immolation {unknown}
 N - a scroll of random uselessness
Potions
 d - 2 potions of might
 g - a potion of cancellation
 h - 3 potions of agility
 j - 3 potions of curing {unknown}
 k - 2 potions of heal wounds {unknown}
 m - a potion of magic {unknown}
 p - a potion of degeneration {unknown}
 u - a potion of berserk rage {unknown}
 v - 2 potions of haste {unknown}
 B - a potion of ambrosia {unknown}
 E - a potion of invisibility {unknown}
 K - a potion of lignification {unknown}
Miscellaneous
 M - a sack of spiders
Comestibles
 f - 19 rations


   Skills:
 + Level 8.3 Fighting
 + Level 10.8 Long Blades
 + Level 9.2 Armour
 + Level 5.1 Dodging
 + Level 0.2 Stealth
 + Level 10.5 Shields
 + Level 0.3 Invocations
 + Level 1.0 Evocations


You had 9 spell levels left.
You didn't know any spells.
Your spell library contained the following spells:

 Spells                   Type           Power        Failure   Level  Hunger
 Magic Dart               Conj           #...         91%         1    ##.....
 Blink                    Tloc           N/A          97%         2    ###....
 Call Imp                 Summ           #.......     97%         2    ###....
 Slow                     Hex            #.......     97%         2    ###....
 Conjure Flame            Conj/Fire      #.......     99%         3    ####...
 Mephitic Cloud           Conj/Pois/Air  #.......     99%         3    ####...


Dungeon Overview and Level Annotations

Branches:
Dungeon (10/15)            Temple (1/1) D:6
   Lair: D:8-11         Orc: D:9-12

Altars:
Ashenzari
Cheibriados
Dithmenos
Elyvilon
Fedhas
Gozag
Hepliaklqana
Makhleb
Nemelex Xobeh
Okawaru
Qazlal
Ru
Sif Muna
Trog
Vehumet
Wu Jian
Xom
Zin
The Shining One

Shops:
D:9 ?


Innate Abilities, Weirdness & Mutations

You reflexively headbutt those who attack you in melee.
You have a pair of horns on your head.


Message History

The brown ugly thing tentacle-slaps you!
You are splashed with acid!
You are feeling hungry.
You slash the brown ugly thing!
The brown ugly thing is heavily wounded.
The brown ugly thing tentacle-slaps you.
The acid corrodes you!
You are splashed with acid!
* * * LOW HITPOINT WARNING * * *
You hit the brown ugly thing but do no damage.
You headbutt the brown ugly thing, but do no damage.
The brown ugly thing is heavily wounded.
The brown ugly thing tentacle-slaps you!
* * * LOW HITPOINT WARNING * * *
You are splashed with acid!
* * * LOW HITPOINT WARNING * * *
Okay, then.
The brown ugly thing tentacle-slaps you.
* * * LOW HITPOINT WARNING * * *
The acid corrodes you!
You are splashed with acid!
You die...

#### #### #.. ...### #.#
## # ....# ###.###.##>
#.#.# ##.(....... #
###.#.###......#.#
#.#.........#.[...###.#
#.#.#.#.###...........#
#.....@.# #####.######
#.###.#u### #.#
#.......# #.# #####.###
##'## ##.# ##...## #..#
##.....## #.##.
##.......#
##†#...####.........#
#......................+


You could see a brown ugly thing.

Vanquished Creatures
  Harold (D:8)
  An ugly thing (D:10)
  Psyche (D:8)
  A troll (D:9)
  3 hippogriffs
  Prince Ribbit (D:8)
  Grinder (D:3)
  2 hungry ghosts
  A water moccasin (D:8)
  An orc warrior (D:9)
  4 ice beasts
  A phantom (D:9)
  A black bear (D:6)
  4 sky beasts
  5 ogres
  2 centaurs
  2 big kobolds (D:8)
  4 bullfrogs
  A gnoll sergeant (D:6)
  A scorpion (D:9)
  2 howler monkeys (D:4)
  A vampire bat (D:5)
  A bullfrog zombie (D:10)
  3 hounds
  3 centaur zombies
  Crazy Yiuf (D:2)
  2 centaur skeletons
  4 orc wizards
  A bullfrog skeleton (D:9)
  8 iguanas
  Ijyb (D:5)
  3 worker ants
  A hound zombie (D:7)
  Robin (D:2)
  A worker ant zombie (D:6)
  4 gnolls (D:6)
  12 adders
  15 oozes
  An adder skeleton (D:6)
  2 worms
  2 dart slugs (D:2)
  3 fire bats (D:5)
  10 leopard geckos
  19 orcs
  2 spectral bats (D:5)
  7 ball pythons
  3 bat skeletons (D:5)
  A bat zombie (D:5)
  18 giant cockroaches
  10 goblins
  11 hobgoblins
  18 jackals
  13 kobolds
  4 quokkas
  13 bats
  A bat simulacrum (D:5)
  6 frilled lizards
  A jackal skeleton (D:5)
  A jackal zombie (D:6)
  A quokka skeleton (D:9)
  A quokka zombie (D:5)
  3 rats
253 creatures vanquished.

Vanquished Creatures (others)
  A wizard (D:6)
1 creature vanquished.

Grand Total: 254 creatures vanquished

Notes
Turn   | Place    | Note
-------+----------+-------------------------------------------
     0 | D:1      | Peloso the Minotaur Fighter began the quest for the Orb.
     0 | D:1      | Reached XP level 1. HP: 19/19 MP: 0/0
   145 | D:1      | Reached XP level 2. HP: 24/27 MP: 1/1
   513 | D:2      | Reached XP level 3. HP: 29/33 MP: 2/2
   589 | D:2      | Noticed Robin
   611 | D:2      | Killed Robin
   722 | D:2      | Reached XP level 4. HP: 29/40 MP: 3/3
   875 | D:2      | Found a runed translucent door.
   876 | D:2      | Noticed Crazy Yiuf
   886 | D:2      | Killed Crazy Yiuf
   886 | D:2      | Reached skill level 1 in Dodging
   979 | D:3      | Reached skill level 5 in Shields
   979 | D:3      | Reached XP level 5. HP: 38/47 MP: 4/4
  1045 | D:3      | Found a glowing drain.
  1053 | Sewer    | Entered a sewer
  1507 | Sewer    | Reached XP level 6. HP: 49/55 MP: 5/5
  1521 | Sewer    | Reached skill level 5 in Fighting
  1521 | Sewer    | Reached skill level 5 in Long Blades
  1688 | D:3      | Noticed Grinder
  1709 | D:3      | Paralysed by Grinder for 7 turns
  1721 | D:3      | Paralysed by Grinder for 4 turns
  1727 | D:3      | Killed Grinder
  1727 | D:3      | Reached skill level 5 in Armour
  1727 | D:3      | Reached XP level 7. HP: 28/61 MP: 6/6
  2674 | D:5      | Entered Level 5 of the Dungeon
  2913 | D:5      | Reached XP level 8. HP: 69/69 MP: 7/7
  2926 | D:5      | Found a glowing silver altar of Zin.
  2926 | D:5      | Found an opulent altar of Gozag.
  2926 | D:5      | Noticed Ijyb
  2929 | D:5      | Paralysed by Ijyb for 3 turns
  2936 | D:5      | Paralysed by Ijyb for 5 turns
  2943 | D:5      | Killed Ijyb
  3251 | D:5      | Reached skill level 1 in Evocations
  3363 | D:6      | Found a bloodstained altar of Trog.
  3364 | D:6      | Noticed a wizard
  3369 | D:6      | Killed a wizard
  3452 | D:6      | Found a staircase to the Ecumenical Temple.
  3490 | Temple   | Entered the Ecumenical Temple
  3500 | Temple   | Became a worshipper of Warmaster Okawaru
  3683 | D:6      | Found a shattered altar of Ashenzari.
  3742 | D:6      | Found an ornate altar of the Wu Jian Council.
  4194 | D:7      | Reached XP level 9. HP: 78/78 MP: 8/8
  4203 | D:7      | Reached * piety under Okawaru
  4575 | D:8      | Found a deep blue altar of Sif Muna.
  4719 | D:8      | Noticed Psyche
  4720 | D:8      | Noticed Harold
  4734 | D:8      | Killed Harold
  4734 | D:8      | Reached ** piety under Okawaru
  4736 | D:8      | Killed Psyche
  4906 | D:8      | Noticed Prince Ribbit
  4930 | D:8      | Killed Prince Ribbit
  4930 | D:8      | Reached *** piety under Okawaru
  4930 | D:8      | Reached XP level 10. HP: 81/88 MP: 9/9
  5149 | D:8      | Found a snail-covered altar of Cheibriados.
  5495 | D:7      | Got an iridescent hunting sling
  5496 | D:7      | Identified the cursed +2 hunting sling "Veysil" {velocity,
                  | rElec rPois rC+} (You found it on level 7 of the Dungeon)
  5556 | D:9      | Found Utotzuz's Magic Scroll Shoppe.
  5583 | D:9      | Bought a scroll of enchant weapon for 97 gold pieces
  5583 | D:9      | Bought a scroll of identify for 26 gold pieces
  5583 | D:9      | Bought a scroll of random uselessness for 13 gold pieces
  5583 | D:9      | Bought a scroll of enchant armour for 97 gold pieces
  5583 | D:9      | Bought a scroll of enchant weapon for 97 gold pieces
  5634 | D:9      | Reached skill level 10 in Long Blades
  5643 | D:9      | Reached skill level 10 in Shields
  6171 | D:9      | Reached **** piety under Okawaru
  6455 | D:10     | Entered Level 10 of the Dungeon
  6462 | D:10     | Reached skill level 5 in Dodging
  6509 | D:10     | Noticed a purple ugly thing
  6511 | D:10     | Noticed a purple ugly thing
  6524 | D:10     | Killed a brown ugly thing
  6530 | D:10     | HP: 4/89 [acid (9)]
  6536 | D:10     | HP: 2/89 [brown ugly thing (4)]
  6536 | D:10     | Splashed by a brown ugly thing's acid

Skill      XL: |  1  2  3  4  5  6  7  8  9 10 |
---------------+-------------------------------+-----
Fighting       | 4 5 6 7 8 |  8.3
Shields        | 4 5 6 8 9 10 | 10.5
Armour         | 4 5 6 8 9 |  9.2
Long Blades    | 3 4 5 6 8 9 10 | 10.8
Dodging        | 1 2 3 4 5 |  5.1
Evocations     | 1 |  1.0
Stealth        | |  0.2
Invocations    | |  0.3

Action                   |  1- 3 |  4- 6 |  7- 9 | 10-12 || total
-------------------------+-------+-------+-------+-------++-------
Melee: Long sword        |   101 |   189 |   318 |       ||   608
       Headbutt          |    16 |    37 |    75 |    39 ||   167
       Scimitar          |       |       |    26 |   150 ||   176
Invok: Heroism           |       |       |     1 |     1 ||     2
Evoke: Wand              |       |       |     1 |       ||     1
  Use: Potion            |       |       |     1 |       ||     1
       Scroll            |       |       |       |     7 ||     7
  Eat: Chunk             |       |     3 |    12 |     7 ||    22
Armor: Scale mail        |    14 |       |       |       ||    14
       Chain mail        |    80 |   126 |   218 |    60 ||   484
Dodge: Dodged            |    30 |    52 |   113 |    32 ||   227
Block: Shield            |    72 |    91 |   253 |    74 ||   490
       Rpst.: Long sword |    10 |    11 |    20 |       ||    41
       Scimitar          |       |       |       |     7 ||     7
